 Dungeon Crawl Stone Soup version 0.28-a0-537-g3bccd9ccbf (webtiles) character file.

Game seed: 18440601855599372106

103 timneilson the Shield-Bearer (level 4, -1/29 HPs)
             Began as a Gargoyle Fighter on Sept 28, 2021.
             Slain by Crazy Yiuf (2 damage)
             ... on level 2 of the Dungeon.
             The game lasted 00:02:20 (2072 turns).

timneilson the Shield-Bearer (Gargoyle Fighter)     Turns: 2072, Time: 00:02:21

Health: -1/29      AC: 10    Str: 21    XL:     4   Next: 79%
Magic:  4/4        EV: 10    Int:  8    God:
Gold:   154        SH:  4    Dex:  9    Spells: 3/3 levels left

rFire   . . .      SeeInvis .   a - +0 long sword
rCold   . . .      Faith    .   c - +0 buckler
rNeg    + . .      Spirit   .   b - +0 scale mail
rPois   ∞          Reflect  .   (no helmet)
rElec   +          Harm     .   (no cloak)
rCorr   .          Rampage  .   (no gloves)
Will    .....                   (no boots)
Stlth   ..........              (no amulet)
HPRegen 0.09/turn               (no ring)
MPRegen 0.09/turn               (no ring)

@: no status effects
A: sickness immunity, AC +3, negative energy resistance 1, electricity
resistance, torment resistance 1, petrification resistance
a: no special abilities


You were on level 2 of the Dungeon.
You visited 1 branch of the dungeon, and saw 2 of its levels.

You collected 154 gold pieces.

Inventory:

Hand Weapons
 a - a +0 long sword (weapon)
Armour
 b - a +0 scale mail (worn)
 c - a +0 buckler (worn)
Scrolls
 f - 2 scrolls of fog {unknown}
 h - 2 scrolls of identify {unknown}
 i - a scroll of teleportation {unknown}
Potions
 d - a potion of might
 e - a potion of brilliance {unknown}
 g - a potion of haste {unknown}


   Skills:
 + Level 3.7 Fighting
 * Level 2.7 Long Blades
 * Level 4.0 Armour
 + Level 0.9 Dodging
 * Level 4.1 Shields


You had 3 spell levels left.
You didn't know any spells.
Your spell library contained the following spells:

 Spells                   Type           Power      Damage    Failure   Level
 Ensorcelled Hibernation  Hex/Ice        0%         N/A       86%         2
 Spider Form              Tmut/Pois      0%         N/A       98%         3


Dungeon Overview and Level Annotations

Branches:
Dungeon (2/15)

Altars:

Annotations:
D:2 Crazy Yiuf


Innate Abilities, Weirdness & Mutations

You are immune to sickness and miasma.
Your stone body is resilient. (AC +3)
You are immune to poison.
You resist negative energy. (rN+)
You are resistant to electric shocks. (rElec)
You are resistant to unholy torment.
You are immune to petrification.


Message History

No target in view!
No target in view!
No target in view!
No target in view!
Things that are here:
a +0 short sword; 26 stones; a kobold corpse
There is an escape hatch in the ceiling here.
There is an escape hatch in the ceiling here.
Things that are here:
a +0 spear; an adder skeleton; a gnoll skeleton
Things that are here:
a +0 spear; a gnoll skeleton You see here a +2 spear of venom.
Crazy Yiuf shouts!
You open the door.
Crazy Yiuf hits you with a +3 quarterstaff of chaos.
Crazy Yiuf freezes you.
There is an open translucent door here.
You barely miss Crazy Yiuf. Crazy Yiuf barely misses you. x2
You slash Crazy Yiuf!
Crazy Yiuf is heavily wounded.
Crazy Yiuf hits you with a +3 quarterstaff of chaos!
You hit Crazy Yiuf.
Crazy Yiuf is almost dead.
Crazy Yiuf drinks a potion.
Crazy Yiuf is healed!
You barely miss Crazy Yiuf.
Crazy Yiuf is heavily wounded.
You block Crazy Yiuf's attack.
Crazy Yiuf laughs, "Mama sanguine broken!"
Crazy Yiuf hits you with a +3 quarterstaff of chaos!
You closely miss Crazy Yiuf.
Crazy Yiuf is heavily wounded.
Crazy Yiuf says, "Crazy?
Crazy!?
PORCUPINE!"
You block Crazy Yiuf's attack.
You hit Crazy Yiuf but do no damage.
Crazy Yiuf is heavily wounded.
Crazy Yiuf hits you with a +3 quarterstaff of chaos!
* * * LOW HITPOINT WARNING * * *
Crazy Yiuf freezes you.
You die...

# #.# #######
#.#
......#######
.###.......#
#..)..######
#####
.##........#
#..)#
####..####.#
#...#
...........#
#.g.#
#.....####.#
#@# #.###.#
#.# ♣♣.♣
#.###.# #.#
♣.♣♣ ......#
#.# ♣♣.♣
......# #.#
♣.♣♣ ......#
### ♣♣.♣♣
......#
♣...♣♣
.....#####
♣....♣
.....###.##
##..##


You could see Crazy Yiuf.

Vanquished Creatures
  3 gnolls (D:2)
  An adder (D:2)
  A worm (D:2)
  2 dart slugs (D:1)
  10 endoplasms
  3 giant cockroaches
  3 goblins
  7 hobgoblins
  5 quokkas
  4 ball pythons
  4 bats
  3 frilled lizards
  3 kobolds
  7 rats
56 creatures vanquished.

Vanquished Creatures (others)
  A fungus (D:1)
  7 plants (D:1)
8 creatures vanquished.

Grand Total: 64 creatures vanquished

Notes
Turn   | Place    | Note
-------+----------+-------------------------------------------
     0 | D:1      | timneilson the Gargoyle Fighter began the quest for the
                  | Orb.
     0 | D:1      | Reached XP level 1. HP: 14/14 MP: 1/1
   143 | D:1      | Reached XP level 2. HP: 19/19 MP: 2/2
   380 | D:1      | Found a faded altar of an unknown god.
   659 | D:1      | Reached XP level 3. HP: 22/23 MP: 3/3
  1483 | D:2      | Reached XP level 4. HP: 27/28 MP: 4/4
  1582 | D:2      | Found a runed translucent door.
  1583 | D:2      | Noticed Crazy Yiuf
  2072 | D:2      | HP: 1/29 [Crazy Yiuf (8)]
  2072 | D:2      | Slain by Crazy Yiuf

Illustrated notes

Levels and vault maps discovered:
D:1:      co_arrival_random_square_maze, layout_rooms,
          shapermc_ecumenical_altar_mp_ritualfount, minmay_tree_intersection,
          minmay_tripent
D:2:      layout_loops_ring, serial_glass, glass_columns_b, glass_columns_b,
          uniq_crazy_yiuf_cottage

Skill      XL: |  1  2  3  4 |
---------------+-------------+-----
Long Blades    | 2 |  2.7
Shields        | 4 |  4.1
Armour         | 4 |  4.0
Fighting       | |  3.7
Dodging        | |  0.9

Action                   |  1- 3 |  4- 6 || total
-------------------------+-------+-------++-------
Melee: Long sword        |   132 |    33 ||   165
  Use: Scroll            |     2 |       ||     2
       Potion            |       |     1 ||     1
Armor: Scale mail        |    63 |    13 ||    76
Dodge: Dodged            |    54 |    18 ||    72
Block: Buckler           |    24 |     9 ||    33

Table legend: (Time is in decaauts)
 A = Elapsed time spent in this place.
 B = Non-inter-level travel time spent in this place.
 C = Inter-level travel time spent in this place.
 D = Time resting spent in this place.
 E = Time spent auto-exploring this place.
 F = Levels seen in this place.
 G = Mean time per level.
                   A        B        C        D        E       F      G
               +--------+--------+--------+--------+--------+-----+--------+
         Total |   2120 |   2105 |     15 |     21 |   1698 |   2 | 1060.0 |
       Dungeon |   2120 |   2105 |     15 |     21 |   1698 |   2 | 1060.0 |
               +--------+--------+--------+--------+--------+-----+--------+

Top non-repeatable levels by time:
     D:1: 1078 daAuts
     D:2: 1041 daAuts
